Map: 赛博森林-天梯版

Players

iGMacSed (MacSed) - Winner!

  • Race: Protoss Protoss

Seventy

  • Race: Protoss Protoss
  • League: Diamond

Event: WESG 2018 Grand Finals

VOD

Have the link to the VOD?

Description

Time

  • Played on: March 12, 2019, 3:04 a.m.
  • Length: 9:22

All games in this series

Show
View Real Time Build Order
Export as new Build Order

iGMacSed Protoss - Winner!

Build Orders: Phoenix Opening 

Get SALT Encoding   

  12  0:00  Probe  
  13  0:12  Probe  
  14  0:18  Pylon  
  14  0:24  Probe  
  15  0:32  Probe  
  15  0:39  Gateway  
  15  0:40  Probe  
  16  0:47  Assimilator  
  17  0:50  Probe  
  17  0:55  Assimilator  
  18  0:59  Probe  
  19  1:07  Probe  
  20  1:16  Gateway  
  20  1:19  Probe  
  21  1:29  Cybernetics Core  
  21  1:31  Probe  
  22  1:43  Probe  
  22  1:44  Pylon  
  23  2:02  Probe  
  23  2:06  Stalker, Warp Gate  
  23  2:07  Stalker  
  28  2:19  Pylon  
  28  2:36  Stalker x2  
  31  2:43  Stargate  
  31  3:00  Nexus  
  31  3:05  Probe  
  32  3:17  Probe  
  32  3:18  Phoenix  
  31  3:24  Pylon  
  33  3:30  Probe  
  34  3:42  Probe  
  34  3:43  Phoenix  
  34  3:46  Pylon  
  37  3:54  Sentry, Probe  
  40  4:01  Phoenix  
  40  4:06  Probe  
  40  4:09  Probe  
  44  4:17  Probe  
  44  4:18  Probe  
  44  4:23  Robotics Facility  
  46  4:27  Probe  
  46  4:30  Probe  
  48  4:33  Shield Battery  
  48  4:37  Phoenix  
  50  4:40  Probe  
  50  4:42  Probe  
  52  4:52  Probe  
  53  4:54  Probe  
  53  4:58  Assimilator  
  54  5:02  Assimilator  
  54  5:03  Phoenix  
  54  5:04  Probe  
  54  5:06  Probe  
  58  5:09  Pylon  
  58  5:13  Observer  
  59  5:16  Probe  
  59  5:19  Probe  
  61  5:28  Probe  
  61  5:31  Probe  
  61  5:32  Phoenix  
  65  5:36  Gateway  
  65  5:38  Twilight Council  
  65  5:40  Probe  
  66  5:44  Forge  
  66  5:47  Immortal  
  70  5:58  Zealot x2, Pylon  
  74  6:07  Gateway  
  74  6:09  Gateway  
  74  6:14  Gateway  
  74  6:19  Protoss Ground Weapons Level 1, Charge  
  74  6:22  Gateway  
  74  6:37  Zealot x3  
  80  6:42  Gateway  
  80  6:43  Pylon  
  80  6:44  Pylon  
  78  6:54  Immortal  
  82  7:12  Zealot x2  
  82  7:13  Zealot x4  
  94  7:22  Templar Archives  
  94  7:24  Observer  
  94  7:31  Zealot  
  94  7:34  Pylon  
  94  7:36  Pylon  
  96  7:51  Zealot x3  
  102  7:55  Pylon  
  102  7:56  Pylon  
  102  8:03  High Templar  
  102  8:04  High Templar x3  
  102  8:05  High Templar  
  111  8:10  Archon x2  
  111  8:11  High Templar  
  111  8:12  Zealot x2  
  91  8:20  Archon  
  85  8:30  Warp Prism  
  85  8:35  Zealot x2  
  85  8:39  Zealot x5  
  97  8:57  Zealot x3  
  97  9:00  Zealot  
  97  9:01  Zealot x4  
Show
View Real Time Build Order
Export as new Build Order

Seventy Protoss 

Build Orders: Zealot Archon 

Get SALT Encoding   

  1  0:00  Probe  
  12  0:05  Probe  
  14  0:17  Pylon  
  14  0:21  Probe  
  15  0:35  Probe  
  16  0:38  Gateway  
  16  0:47  Probe  
  17  0:50  Assimilator  
  17  0:59  Probe  
  17  1:03  Assimilator  
  18  1:11  Probe  
  19  1:18  Gateway  
  19  1:23  Probe  
  20  1:27  Cybernetics Core  
  20  1:36  Probe  
  21  1:42  Pylon  
  21  1:48  Probe  
  22  1:58  Stalker x2  
  22  2:00  Probe  
  27  2:10  Warp Gate  
  27  2:12  Probe  
  28  2:24  Probe  
  29  2:36  Probe  
  30  2:52  Pylon  
  30  2:54  Nexus  
  30  3:02  Shield Battery  
  30  3:13  Sentry  
  30  3:21  Stalker  
  34  3:33  Shield Battery  
  33  3:36  Gateway  
  33  3:38  Robotics Facility  
  35  3:49  Probe  
  36  4:00  Probe  
  35  4:03  Stalker  
  35  4:07  Probe  
  35  4:08  Probe  
  38  4:16  Probe  
  39  4:18  Twilight Council  
  39  4:19  Stalker, Probe  
  43  4:29  Observer  
  43  4:31  Pylon  
  43  4:32  Probe  
  43  4:33  Probe  
  43  4:34  Pylon  
  46  4:44  Zealot  
  46  4:45  Zealot  
  50  4:48  Probe, Observer  
  51  5:04  Stalker  
  51  5:05  Probe x2  
  51  5:06  Charge  
  55  5:17  Probe x2  
  54  5:24  Stalker x2  
  58  5:29  Probe  
  58  5:30  Probe  
  58  5:32  Templar Archives  
  60  5:41  Probe  
  60  5:42  Probe  
  62  5:44  Assimilator  
  62  5:46  Pylon  
  62  5:47  Zealot  
  62  5:48  Zealot  
  66  5:53  Probe  
  64  5:57  Probe  
  65  6:10  High Templar, Gateway  
  65  6:11  High Templar, Gateway  
  69  6:14  Warp Prism, Archon  
  69  6:20  Probe  
  72  6:26  Zealot, Assimilator  
  72  6:27  Probe  
  72  6:30  Gateway  
  73  6:35  Probe x2  
  72  6:43  Probe  
  71  6:56  Zealot x3  
  75  7:14  Stalker x2  
  77  7:27  Probe  
  77  7:28  Probe  
  77  7:30  Pylon  
  77  7:32  Pylon  
  77  7:40  Probe  
  77  7:53  High Templar x5  
  77  7:54  Zealot  
  77  7:57  Archon x2  
  52  8:28  Zealot x6  
  56  8:49  High Templar x2  
  56  8:50  High Templar  
  56  8:51  Zealot x3  
  56  8:53  Archon  
  68  8:58  Probe x2  
  66  9:12  Zealot x3  
Tags
 
Add a new tag
Caveats
  • Supply blocks, unpowered buildings, or Contaminate may cause inaccurate times.
  • Supply counts are checked every 10 seconds.